 Dungeon Crawl Stone Soup version 0.18.1-50-g88ac8fd (webtiles) character file.

88 Iflex the Poker (level 4, -1/34 HPs)
             Began as a Merfolk Gladiator on Oct 6, 2016.
             Killed from afar by an orc wizard (5 damage)
             ... with a puff of flame
             ... on level 3 of the Dungeon.
             The game lasted 00:03:14 (1388 turns).

Iflex the Poker (Merfolk Gladiator)                 Turns: 1388, Time: 00:03:15

Health: -1/34      AC:  5    Str: 16    XL:     4   Next: 54%
Magic:  4/4        EV: 14    Int:  7    God:
Gold:   76         SH:  0    Dex: 14    Spells: 0 memorised, 3 levels left

rFire  . . .     SeeInvis .     a - +0 trident
rCold  . . .     Gourm    +     b - +0 leather armour
rNeg   . . .     Faith    .     (no shield)
rPois  .         Spirit   .     c - +0 helmet
rElec  .         Dismiss  .     (no cloak)
rCorr  .         Reflect  .     (no gloves)
SustAt .         Harm     .     l - +0 pair of boots
MR     +....                    j - amulet of the gourmand
Stlth  ++........               (no ring)
                                s - ring of protection from magic

@: somewhat resistant to hostile enchantments, unstealthy
A: change form in water, swift swim
a: no special abilities


You were on level 3 of the Dungeon.
You were not hungry.

You visited 1 branch of the dungeon, and saw 3 of its levels.

You collected 76 gold pieces.

Inventory:

Hand Weapons
 a - a +0 trident (weapon)
Missiles
 d - 2 throwing nets (quivered)
 m - 7 tomahawks
Armour
 b - a +0 leather armour (worn)
 c - a +0 helmet (worn)
 l - a +0 pair of boots (worn)
Jewellery
 j - an amulet of the gourmand (around neck)
 s - a ring of protection from magic (left hand)
Scrolls
 e - 3 scrolls of fear {unknown}
 g - 3 scrolls of identify {unknown}
 h - a scroll of magic mapping {unknown}
 p - a scroll of teleportation {unknown}
Potions
 i - a potion of curing {unknown}
 n - a potion of brilliance {unknown}
 o - 2 potions of lignification {unknown}
 q - a potion of cure mutation {unknown}
 u - a potion of flight {unknown}
Comestibles
 f - 4 bread rations
 k - a meat ration
 r - 2 fruits


   Skills:
 + Level 2.6 Fighting
 + Level 5.4 Polearms
 + Level 2.0 Throwing
 + Level 0.5 Armour
 + Level 5.0 Dodging
 + Level 1.9 Stealth


You had 3 spell levels left.
You didn't know any spells.

Dungeon Overview and Level Annotations

Branches:
Dungeon (3/15)

Altars:
Elyvilon
Makhleb
The Shining One


Message History

You are too injured to fight recklessly!
Attack whom?
Press: ? - help, Dir - move target cursor, f/p - orc wizard
Aim: an orc wizard, wielding a dagger of freezing and wearing a robe (entangled in a net)
You reach to attack!
You hit the orc wizard but do no damage.
Attack whom?
Press: ? - help, Dir - move target cursor, f/p - orc wizard
Aim: an orc wizard, wielding a dagger of freezing and wearing a robe (entangled in a net)
You reach to attack!
You hit the orc wizard.
The orc wizard is lightly wounded.
The orc wizard struggles against the net.
Attack whom?
Press: ? - help, Dir - move target cursor, f/p - orc wizard
Aim: an orc wizard, wielding a dagger of freezing and wearing a robe (lightly wounded, entangled in a net)
You reach to attack!
You puncture the orc wizard!
The orc wizard is severely wounded.
The orc wizard casts a spell at you. The puff of flame hits you!
You die...

##### ###### #...
.....#########.####
#........).......#
#.#.#########.#..#
##.#.#########o##.#####.
......†.........@........
##.#...........##.......#
#.###########.########.#
#.# #.# #.# #.# #.# #.#
#.# #.#


You could see an orc wizard (caught).

Vanquished Creatures
  3 adders
  3 dart slugs
  2 giant geckos
  2 orcs (D:3)
  9 bats
  2 giant cockroaches (D:1)
  4 goblins (D:2)
  7 hobgoblins
  2 quokkas
  A giant newt (D:3)
  5 kobolds (D:2)
  9 rats
49 creatures vanquished.

Notes
Turn   | Place    | Note
--------------------------------------------------------------
     0 | D:1      | Iflex the Merfolk Gladiator began the quest for the Orb.
     0 | D:1      | Reached XP level 1. HP: 16/16 MP: 1/1
   151 | D:1      | Reached XP level 2. HP: 22/22 MP: 2/2
   626 | D:2      | Reached XP level 3. HP: 28/28 MP: 3/3
   669 | D:2      | Found a burning altar of Makhleb.
   722 | D:2      | Reached skill level 5 in Polearms
   852 | D:2      | Found a white marble altar of Elyvilon.
   864 | D:2      | Reached skill level 1 in Stealth
   978 | D:2      | Found a glowing golden altar of the Shining One.
  1125 | D:2      | Reached XP level 4. HP: 34/34 MP: 4/4
  1233 | D:3      | Reached skill level 5 in Dodging
  1388 | D:3      | Killed from afar by an orc wizard

Skill      XL: |  1  2  3  4 |
---------------+-------------+-----
Polearms       | 5 |  5.4
Stealth        | 1 |  1.9
Dodging        | 5 |  5.0
Fighting       | |  2.6
Throwing       | |  2.0
Armour         | |  0.5

Action                   |  1- 3 |  4- 6 || total
-------------------------+-------+-------++-------
Melee: Trident           |   112 |    40 ||   152
Throw: Throwing net      |       |     1 ||     1
 Stab: Sleeping          |     3 |     1 ||     4
  Eat: Chunk             |       |     2 ||     2
Armor: Leather armour    |    26 |     3 ||    29
Dodge: Dodged            |    57 |    18 ||    75
